 Dungeon Crawl Stone Soup version 0.31-b1-20-g67cafac56d (webtiles) character file.

Game seed: 15840632146595607619

3010 monsoonserge the Basher (level 9, 0/97 HPs)
             Began as an Oni Fighter on Jan 18, 2024.
             Was a Priest of Okawaru.
             Slain by an iguana (7 damage)
             ... on level 7 of the Dungeon.
             The game lasted 00:21:49 (5418 turns).

monsoonserge the Basher (Oni Fighter)               Turns: 5418, Time: 00:21:50

Health: 0/97       AC:  6    Str: 32    XL:     9   Next: 84%
Magic:  10/10      EV:  9    Int:  9    God:    Okawaru [***...]
Gold:   40         SH:  7    Dex:  8    Spells: 8/8 levels left

rFire   . . .        w - +2 morningstar (venom)
rCold   . . .        c - +0 kite shield
rNeg    . . .        r - +0 steam dragon scales
rPois   .            (helmet currently unavailable)
rElec   .            (cloak currently unavailable)
rCorr   .            (gloves unavailable)
SInv    .            (boots unavailable)
Will    .....        (no amulet)
Stlth   +            y - +6 ring of strength
HPRegen 0.36/turn    (no ring)
MPRegen 0.12/turn

%: no passive effects
@: about to teleport, beast-form
A: beast (slay +1), large, unfitting armour, horns 1, tough skin 1, double
potion healing, drunken brawling
a: Begin Untransformation, Renounce Religion, Heroism


You were on level 7 of the Dungeon.
You worshipped Okawaru.
Okawaru was most pleased with you.
You were a hulking beast.
You visited 2 branches of the dungeon, and saw 8 of its levels.

You collected 363 gold pieces.
You spent 323 gold pieces at shops.

Inventory:

Hand Weapons
 w - a +2 morningstar of venom (weapon)
Missiles
 h - 59 stones
 k - 42 poisoned darts (quivered)
Armour
 b - a +0 robe
 c - a +0 kite shield (worn)
 r - +0 steam dragon scales (worn)
Jewellery
 y - a +6 ring of strength (left hand)
Talismans
 B - a beast talisman (active)
Scrolls
 a - 2 scrolls of blinking
 f - 3 scrolls of fear
 j - a scroll of noise {unknown}
 l - 4 scrolls of enchant weapon
 m - a scroll of teleportation
 o - a scroll of amnesia {unknown}
 q - 2 scrolls of silence
 s - 2 scrolls of enchant armour
 u - 2 scrolls of immolation
 v - a scroll of poison {unknown}
 z - 2 scrolls of fog
 C - a scroll of vulnerability {unknown}
Potions
 d - a potion of might
 e - a potion of brilliance
 i - a potion of invisibility
 n - a potion of heal wounds
 p - a potion of berserk rage
 t - 4 potions of degeneration {unknown}
 x - a potion of enlightenment
 A - 2 potions of cancellation


   Skills:
 + Level 8.3 Fighting
 * Level 11.1 Maces & Flails
 - Level 2.0 Throwing
 + Level 3.4 Dodging
 + Level 3.6 Shields
 - Level 2.0 Invocations
 - Level 2.0 Shapeshifting


You had 8 spell levels left.
You didn't know any spells.
Your spell library contained the following spells:

 Spells                   Type           Power      Damage    Failure   Level
 Apportation              Tloc           0%         N/A       58%         1
 Necrotise                Necr           0%         1d4       58%         1
 Sting                    Conj/Alch      0%         1d3       58%         1
 Static Discharge         Conj/Air       0%         3-3/arc   73%         2
 Inner Flame              Hex/Fire       0%         N/A       91%         3
 Airstrike                Air            0%         2d(0-16)  100%        4
 Anguish                  Hex/Necr       0%         N/A       100%        4
 Cause Fear               Hex            0%         N/A       100%        4
 Flame Wave               Conj/Fire      0%         2d4       100%        4
 Sticky Flame             Fire/Alch      0%         2d4       100%        4
 Enfeeble                 Hex            0%         N/A       100%        7
 Summon Small Mammal      Summ           Unusable   N/A       N/A         1
 Summon Lightning Spire   Summ/Air       Unusable   N/A       N/A         4

Dungeon Overview and Level Annotations

Branches:
Dungeon (7/15)             Temple (1/1) D:5

Altars:
Ashenzari
Cheibriados
Dithmenos
Elyvilon
Fedhas
Gozag
Kikubaaqudgha
Makhleb
Nemelex Xobeh
Okawaru
Qazlal
Ru
Sif Muna
Trog
Uskayaw
Vehumet
Wu Jian
Xom
Yredelemnul
Zin
The Shining One

Shops:
D:2 ?   D:6 *

Annotations:
D:2 Sigmund


Innate Abilities, Weirdness & Mutations

You are a hulking beast.
Your limbs bulge with bestial killing power. (Slay +1)
You are too large for most types of armour.
You have a pair of small horns on your head.
You have tough skin. (AC +1)
You gain doubled healing and magic from potions.
Whenever you drink a healing potion, you attack all around you.


Message History

An iguana comes into view.
A wight comes into view. It is wielding a +0 scimitar.
The orc hits you but does no damage. You block something's attack.
Pikel barely misses you. The lemure closely misses you.
Unknown command.
You closely miss Pikel.
Pikel is almost dead.
You block the lemure's attack.
Pikel zaps a wand.
The roots erupt in riotous growth!
The grasping roots grab you!
The lemure is unaffected.
Pikel is unaffected.
The orc is unaffected.
The lemure is unaffected.
The grasping roots constrict you.
* * * LOW HITPOINT WARNING * * *
Something hits you but does no damage. The orc hits you with a +0 club.
* * * LOW HITPOINT WARNING * * *
You block the lemure's attack. x2
The iguana hisses angrily.
You hear a shout! x2
You fail to use your ability.
Pikel barely misses you. The grasping roots constrict you.
* * * LOW HITPOINT WARNING * * *
Something hits you.
* * * LOW HITPOINT WARNING * * *
The orc hits you with a +0 club.
* * * LOW HITPOINT WARNING * * *
The lemure closely misses you. The lemure hits you.
* * * LOW HITPOINT WARNING * * *
You bludgeon Pikel!!
You kill Pikel!
Okawaru accepts your kill.
With Pikel's spell broken, his former minions thank you for their freedom.
The lemure departs this earthly plane. x2; You block the orc's attack.
Something hits you.
* * * LOW HITPOINT WARNING * * *
Training target 2.0 for Shapeshifting reached!
Your Maces & Flails skill increases to level 11!
Your Shapeshifting skill increases to level 2!
Unknown command.
As you read the scroll of teleportation, it crumbles to dust.
You feel strangely unstable. The iguana bites you!
You die...

#..# ..#
..####..# .
......... ..
........## ...
##.........?
....##...........
...z......5.....
#.§o###{#.##
#.lh##......
#.#.)§{)..#.#
#.........#.##
#.#.#.#......#
#.#.#.#...#### #
#.#.#...#
#.#.#...####.# #
###.......... ...
#...######.


You could see an iguana, a wight and an orc.

Vanquished Creatures
  Pikel (D:7)
  Maggie (D:6)
  Prince Ribbit (D:6)
  A steam dragon (D:6)
  Eustachio (D:6)
  3 ice beasts
  A black bear (D:6)
  An ogre (D:6)
  A phantom (D:4)
  2 lemures (D:7)
  2 kobold brigands (D:6)
  3 scorpions
  5 wights
  A howler monkey (D:6)
  6 hounds
  3 jellies
  2 bombardier beetles (D:5)
  An iguana (D:4)
  10 gnolls (D:5)
  9 adders
  A shadow imp (D:6)
  An ufetubus (D:6)
  3 dart slugs (D:1)
  16 orcs
  5 endoplasms
  2 giant cockroaches
  35 goblins
  26 hobgoblins
  4 jackals (D:4)
  19 kobolds
  2 quokkas
  5 ball pythons
  3 bats
  10 frilled lizards
  2 rats (D:1)
189 creatures vanquished.

Vanquished Creatures (others)
  An ufetubus (D:6)
1 creature vanquished.

Grand Total: 190 creatures vanquished

Notes
Turn   | Place    | Note
-------+----------+-------------------------------------------
     0 | D:1      | monsoonserge the Oni Fighter began the quest for the Orb.
     0 | D:1      | Reached XP level 1. HP: 24/24 MP: 1/1
   112 | D:1      | Reached XP level 2. HP: 31/32 MP: 2/2
   755 | D:1      | Reached XP level 3. HP: 13/40 MP: 3/3
   909 | D:2      | Found Fygedis's Magic Scroll Shop.
   917 | D:2      | Found a shimmering altar of Xom.
  1132 | D:2      | Noticed Sigmund
  1345 | D:3      | Reached skill level 5 in Fighting
  1397 | D:3      | Reached XP level 4. HP: 49/50 MP: 4/4
  1508 | D:3      | Reached skill level 3 in Maces & Flails
  2097 | D:4      | Noticed a phantom
  2110 | D:4      | Killed a phantom
  2111 | D:4      | Reached XP level 5. HP: 51/59 MP: 5/5
  2154 | D:4      | Reached skill level 4 in Maces & Flails
  2456 | D:4      | Reached XP level 6. HP: 59/67 MP: 6/6
  2481 | D:4      | Reached skill level 5 in Maces & Flails
  2777 | D:5      | Entered Level 5 of the Dungeon
  2898 | D:5      | Found a staircase to the Ecumenical Temple.
  2908 | Temple   | Entered the Ecumenical Temple
  2922 | Temple   | Became a worshipper of Warmaster Okawaru
  2970 | D:5      | Reached skill level 1 in Throwing
  3196 | D:5      | Reached XP level 7. HP: 66/76 MP: 7/7
  3340 | D:5      | Found a sacrificial altar of Ru.
  3347 | D:5      | Found a bloodstained altar of Trog.
  3353 | D:5      | Found a white marble altar of Elyvilon.
  3368 | D:5      | Found a hide-covered altar of Uskayaw.
  3376 | D:5      | Found a glowing silver altar of Zin.
  3383 | D:5      | Found an ornate altar of the Wu Jian Council.
  3392 | D:5      | Found a basalt altar of Yredelemnul.
  3577 | D:5      | Reached skill level 6 in Maces & Flails
  3886 | D:5      | Reached * piety under Okawaru
  3954 | D:5      | Reached skill level 7 in Maces & Flails
  4159 | D:5      | Reached XP level 8. HP: 67/84 MP: 8/8
  4549 | D:6      | Noticed Maggie
  4561 | D:6      | Killed Maggie
  4562 | D:6      | Reached skill level 8 in Maces & Flails
  4562 | D:6      | Reached skill level 1 in Invocations
  4658 | D:6      | Reached ** piety under Okawaru
  4659 | D:6      | Reached skill level 9 in Maces & Flails
  4762 | D:6      | Found a shimmering blue altar of Sif Muna.
  4834 | D:6      | Reached XP level 9. HP: 93/93 MP: 10/10
  4852 | D:6      | Noticed Eustachio
  4861 | D:6      | Killed Eustachio
  4926 | D:6      | Reached skill level 10 in Maces & Flails
  4926 | D:6      | Reached skill level 1 in Shapeshifting
  5013 | D:6      | Found Oluifye's CLEARANCE SALE!.
  5027 | D:6      | Bought a scroll of immolation for 20 gold pieces
  5027 | D:6      | Bought a scroll of enchant armour for 37 gold pieces
  5117 | D:2      | Bought a scroll of blinking for 105 gold pieces
  5117 | D:2      | Bought a scroll of enchant weapon for 105 gold pieces
  5117 | D:2      | Bought a scroll of fog for 56 gold pieces
  5233 | D:6      | Noticed Prince Ribbit
  5249 | D:6      | Killed Prince Ribbit
  5386 | D:7      | Reached *** piety under Okawaru
  5397 | D:7      | Noticed Pikel
  5417 | D:7      | Killed Pikel
  5418 | D:7      | Reached skill level 11 in Maces & Flails
  5418 | D:7      | Slain by an iguana

Illustrated notes

Levels and vault maps discovered:
D:1:      nzn_arrival_crosshair, layout_loops_ring, kennysheep_small_spiral
D:2:      layout_rooms, serial_shops, shop, basic_altar,
          uniq_crazy_yiuf_cottage, uniq_sigmund
D:3:      layout_loops_ring, minmay_parallelograms, minmay_lizard_king
D:4:      nicolae_cairo_tiling_large_dashed, layout_basic, minmay_misc_feat_chi,
          grunt_decor_cap
D:5:      minmay_goblin_kobold_castle, layout_loops_ring,
          grunt_temple_overflow_octagram, minmay_temple_entry_purple_smoke
D:6:      nicolae_cairo_tiling_very_big, layout_rooms, lemuel_crystal_altar,
          nicolae_shop_clearance, uniq_prince_ribbit1, uniq_eustachio,
          uniq_maggie
D:7:      layout_basic, nicolae_ossuary_entry_plus, uniq_joseph, uniq_pikel,
          uniq_duvessa, uniq_maurice
Temple:   nicolae_temple_god_jail

Skill      XL: |  1  2  3  4  5  6  7  8  9 |
---------------+----------------------------+-----
Dodging        | 3 |  3.4
Shields        | 3 |  3.6
Fighting       | 5 6 7 8 |  8.3
Maces & Flails | 3 4 5 7 9 11 | 11.1
Throwing       | 1 2 |  2.0
Invocations    | 2 |  2.0
Shapeshifting  | 2 |  2.0

Action                     |  1- 3 |  4- 6 |  7- 9 || total
---------------------------+-------+-------+-------++-------
  Melee: Flail             |    94 |   148 |       ||   242
         Headbutt          |    17 |    18 |    19 ||    54
         Morningstar       |       |     4 |   207 ||   211
  Throw: Dart              |       |       |    23 ||    23
 Invoke: Heroism           |       |       |     1 ||     1
    Use: Potion            |     1 |       |     5 ||     6
         Scroll            |       |       |     8 ||     8
   Stab: Sleeping          |     1 |       |       ||     1
 Armour: Robe              |    66 |    97 |   106 ||   269
         Steam dragon scal |       |       |    65 ||    65
  Dodge: Dodged            |    38 |    67 |    94 ||   199
  Block: Kite shield       |    36 |    61 |   109 ||   206
   Form: Beast             |       |       |     1 ||     1
